Map: Lost and Found LE

Players

YoGo

  • Race: Zerg Zerg
  • Spawn Location: 7:00

NXZ - Winner!

  • Race: Zerg Zerg
  • Spawn Location: 1:00

Event: WCS Valencia 2018

VOD

Have the link to the VOD?

Description

Time

  • Played on: July 12, 2018, 7:16 a.m.
  • Length: 3:46

All games in this series

Show
View Real Time Build Order
Export as new Build Order

YoGo Zerg 

Build Orders: Hatch First 

Get SALT Encoding   

  12  0:00  Drone  
  13  0:12  Overlord  
  13  0:18  Drone  
  14  0:31  Drone  
  14  0:32  Drone  
  16  0:48  Hatchery  
  15  0:51  Drone  
  15  0:55  Drone  
  17  1:05  Extractor  
  17  1:11  Spawning Pool  
  15  1:14  Drone  
  15  1:17  Drone  
  17  1:20  Drone  
  18  1:34  Drone  
  19  1:40  Overlord  
  19  1:58  Queen  
  19  1:59  Queen  
  19  2:00  Zergling x4  
  25  2:02  Zergling x2  
  26  2:08  Metabolic Boost  
  26  2:12  Drone  
  26  2:14  Drone  
  28  2:23  Drone x2  
  30  2:35  Baneling Nest  
  29  2:39  Drone x2  
  31  2:44  Drone  
  32  2:53  Hatchery  
  32  2:58  Overlord  
  31  3:05  Zergling x6  
  34  3:12  Spine Crawler  
  33  3:18  Spine Crawler, Baneling x3  
  32  3:22  Zergling x2  
Show
View Real Time Build Order
Export as new Build Order

NXZ Zerg - Winner!

Build Orders: Pool First 

Get SALT Encoding   

  12  0:01  Drone  
  13  0:08  Drone  
  14  0:16  Overlord  
  14  0:22  Extractor  
  14  0:23  Drone  
  15  0:35  Drone x2  
  17  0:42  Extractor  
  16  0:44  Drone  
  17  0:50  Spawning Pool  
  17  0:55  Drone  
  17  1:05  Drone  
  18  1:18  Hatchery  
  17  1:22  Drone  
  18  1:36  Queen  
  18  1:37  Zergling x2  
  21  1:43  Metabolic Boost  
  21  1:49  Overlord  
  21  1:53  Drone  
  22  2:08  Baneling Nest  
  22  2:12  Zergling x2, Queen  
  24  2:15  Zergling x2  
  24  2:21  Zergling x2  
  26  2:30  Zergling x2  
  26  2:32  Zergling x2  
  28  2:42  Zergling x2  
  28  2:43  Zergling x2  
  30  2:46  Zergling x2  
  30  2:47  Zergling x4  
  33  2:52  Baneling x2  
  33  2:53  Zergling x2  
  33  2:58  Overlord  
  34  3:03  Drone  
  35  3:12  Drone  
  36  3:16  Baneling x2  
  36  3:22  Drone x6  
Tags
 
Add a new tag
Caveats
  • Supply blocks, unpowered buildings, or Contaminate may cause inaccurate times.
  • Supply counts are checked every 10 seconds.